 Dungeon Crawl Stone Soup version 0.29.1-12-g30fa7ad0bf (webtiles) character file.

Game seed: 4683022569737888036

900 Radix the Cleaver (level 8, 0/75 HPs)
             Began as a Hill Orc Fighter on Jan 14, 2023.
             Slain by Edmund
             ... wielding a +3 vorpal dire flail
              (1 damage)
             ... on level 5 of the Dungeon.
             The game lasted 00:12:47 (4458 turns).

Radix the Cleaver (Hill Orc Fighter)                Turns: 4458, Time: 00:12:50

Health: 0/75       AC: 11    Str: 21    XL:     8   Next: 7%
Magic:  8/8        EV:  7    Int:  8    God:
Gold:   252        SH:  4    Dex: 10    Spells: 7/7 levels left

rFire   . . .      SeeInvis .   a - +0 war axe
rCold   . . .      Faith    .   c - +0 buckler
rNeg    . . .      Spirit   .   m - +0 chain mail
rPois   .          Reflect  .   (no helmet)
rElec   .          Harm     .   o - +1 cloak
rCorr   .          Rampage  .   (no gloves)
Will    .....                   (no boots)
Stlth   ..........              (no amulet)
HPRegen 0.22/turn               (no ring)
MPRegen 0.11/turn               (no ring)

@: mighty, lethally poisoned (0 -> -15)
A: no striking features
a: no special abilities


You were on level 5 of the Dungeon.
You visited 1 branch of the dungeon, and saw 5 of its levels.

You collected 252 gold pieces.

Inventory:

Hand Weapons
 a - a +0 war axe (weapon)
 u - a +2 sling of freezing
Armour
 c - a +0 buckler (worn)
 m - a +0 chain mail (worn)
 o - a +1 cloak (worn)
Jewellery
 v - a ring of wizardry
Wands
 t - a wand of mindburst (15)
Scrolls
 e - 5 scrolls of identify {unknown}
 g - 2 scrolls of enchant armour {unknown}
 h - a scroll of fear {unknown}
 i - 2 scrolls of magic mapping {unknown}
 k - a scroll of poison {unknown}
 l - 2 scrolls of summoning {unknown}
 p - a scroll of brand weapon {unknown}
 q - 3 scrolls of noise {unknown}
 r - a scroll of amnesia {unknown}
 w - a scroll of butterflies {unknown}
Potions
 b - 8 potions of curing {unknown}
 j - a potion of haste {unknown}
 n - 2 potions of mutation {unknown}
 s - a potion of lignification {unknown}


   Skills:
 + Level 8.4 Fighting
 + Level 8.7 Axes
 - Level 3.2 Armour
 - Level 3.2 Shields


You had 7 spell levels left.
You didn't know any spells.
Your spell library contained the following spells:

 Spells                   Type           Power      Damage    Failure   Level
 Slow                     Hex            0%         N/A       99%         1
 Confusing Touch          Hex            0%         N/A       100%        3
 Gell's Gravitas          Tloc           0%         N/A       100%        3
 Ignite Poison            Fire/Tmut/Pois 0%         N/A       100%        3
 Lesser Beckoning         Tloc           0%         N/A       100%        3
 Mephitic Cloud           Conj/Pois/Air  0%         N/A       100%        3
 Teleport Other           Tloc           0%         N/A       100%        3
 Vampiric Draining        Necr           0%         2d6       100%        3
 Freezing Cloud           Conj/Ice/Air   0%         6-21      100%        5


Dungeon Overview and Level Annotations

Branches:
Dungeon (5/15)             Temple (0/1) D:4

Altars:
Vehumet
Xom

Annotations:
D:4 2 transporters
D:5 Edmund


Message History

The gnoll hits you from afar with a +1 spear of distortion.
* * * LOW HITPOINT WARNING * * *
Space warps around you.
* * * LOW HITPOINT WARNING * * *
The gnoll bouda calls upon its god to heal the gnoll.
The gnoll is healed somewhat.
You hit the gnoll bouda.
The gnoll bouda is severely wounded.
The gnoll hits you but does no damage. You block the gnoll bouda's attack.
You hit the gnoll bouda.
The gnoll bouda is almost dead.
The gnoll hits you from afar with a +1 spear of distortion.
* * * LOW HITPOINT WARNING * * *
The gnoll bouda barks out a call to the hunt!
The gnoll picks up the pace!
The gnoll closely misses you.
The gnoll bouda hits you with a +0 club.
* * * LOW HITPOINT WARNING * * *
You hit the gnoll bouda.
You kill the gnoll bouda!
The gnoll hits you from afar with a +1 spear of distortion.
* * * LOW HITPOINT WARNING * * *
Found a leather armour.
The gnoll hits you with a +1 spear of distortion.
* * * LOW HITPOINT WARNING * * *
You blink.
The gnoll hits you but does no damage.
You are lethally poisoned!
The gnoll attacks as you move away! The gnoll closely misses you.
* * * LOW HITPOINT WARNING * * *
You feel very sick. The gnoll hits you but does no damage.
You are more poisoned.
Edmund barely misses you.
You closely miss Edmund. You hit the adder.
* * * LOW HITPOINT WARNING * * *
You feel very sick. The adder bites you but does no damage.
The gnoll closely misses you.
Edmund grinds his teeth, and then sighs.
Edmund hits you with a +3 vorpal dire flail.
You die...

################
#........g^....###
#######.######gS@.[.....
......$....)..g@.###.###
######.######...#
#######.# #####
......#.# #......#
#####)### ........#
.#..###.#


You could see Edmund, 3 gnolls and an adder.

Vanquished Creatures
  Sigmund (D:3)
  Menkaure (D:5)
  Duvessa (D:5)
  A black bear (D:4)
  2 scorpions
  Dowan (D:5)
  A hound (D:4)
  2 gnoll boudas (D:5)
  Ijyb (D:3)
  Terence (D:3)
  An orc wizard (D:4)
  3 gnolls (D:5)
  9 adders
  An ufetubus (D:4)
  A worm (D:3)
  2 dart slugs
  8 orcs
  2 bats (D:1)
  7 endoplasms
  A giant cockroach (D:4)
  6 goblins
  6 hobgoblins
  7 jackals
  4 quokkas
  7 ball pythons
  2 frilled lizards (D:3)
  7 kobolds
  4 rats
90 creatures vanquished.

Vanquished Creatures (others)
  6 plants
6 creatures vanquished.

Grand Total: 96 creatures vanquished

Notes
Turn   | Place    | Note
-------+----------+-------------------------------------------
     0 | D:1      | Radix the Hill Orc Fighter began the quest for the Orb.
     0 | D:1      | Reached XP level 1. HP: 19/19 MP: 1/1
    87 | D:1      | Found a faded altar of an unknown god.
   240 | D:1      | Reached XP level 2. HP: 25/27 MP: 2/2
  1096 | D:2      | Reached XP level 3. HP: 24/34 MP: 3/3
  1284 | D:2      | You fall into a shaft and drop 2 floors!
  1292 | D:4      | Found a transporter.
  1293 | D:4      | Found a shimmering altar of Xom.
  1296 | D:4      | Noticed a kobold brigand
  1303 | D:4      | Found a radiant altar of Vehumet.
  1304 | D:4      | Noticed a black bear
  1315 | D:4      | Killed a black bear
  1316 | D:4      | Reached skill level 5 in Fighting
  1316 | D:4      | Reached skill level 5 in Axes
  1316 | D:4      | Reached XP level 4. HP: 13/42 MP: 4/4
  1316 | D:4      | Reached XP level 5. HP: 15/48 MP: 5/5
  1594 | D:4      | Found a transporter.
  1954 | D:4      | Found a staircase to the Ecumenical Temple.
  2016 | D:4      | Reached XP level 6. HP: 50/58 MP: 6/6
  2537 | D:3      | Noticed Sigmund
  2542 | D:3      | Killed Sigmund
  2543 | D:3      | Reached XP level 7. HP: 60/66 MP: 7/7
  2806 | D:3      | Noticed Ijyb
  2814 | D:3      | Killed Ijyb
  2860 | D:3      | Noticed Terence
  2873 | D:3      | Killed Terence
  3894 | D:5      | Entered Level 5 of the Dungeon
  3956 | D:5      | Noticed Dowan
  3956 | D:5      | Noticed Duvessa
  3956 | D:5      | Noticed Menkaure
  3966 | D:5      | Killed Duvessa
  3974 | D:5      | HP: 2/66 [Menkaure (10)]
  3975 | D:5      | Killed Menkaure
  3976 | D:5      | Killed Dowan
  4354 | D:5      | Reached XP level 8. HP: 68/74 MP: 8/8
  4442 | D:5      | Noticed Edmund
  4458 | D:5      | HP: 1/75 [poisoned by a gnoll]
  4458 | D:5      | Slain by Edmund

Illustrated notes

Levels and vault maps discovered:
D:1:      dpeg_arrival_stone_temple_mockup, layout_loops_corners, serial_bayou,
          serial_bayou_lagoon_a, serial_bayou_shore_a, serial_bayou_pond_e,
          serial_bayou_crossing, basic_ecumenical_altar
D:2:      layout_rooms
D:3:      layout_basic, hangedman_decor_points, chequers_serial_rivers_large_a,
          uniq_sigmund, uniq_terence, uniq_ijyb
D:4:      layout_basic, gammafunk_temple_overflow_arena,
          minmay_temple_entry_tees, serial_bayou_pond_b, grunt_ministairs_15,
          grunt_decor_clamped
D:5:      layout_loops_ring, fedhas_altar_3, ebering_ghost_sewer_f,
          uniq_menkaure, uniq_duvessa, uniq_edmund

Skill      XL: |  1  2  3  4  5  6  7 |
---------------+----------------------+-----
Axes           | 3 5 6 7 8 |  8.7
Fighting       | 4 5 6 7 8 |  8.4
Armour         | |  3.2
Shields        | |  3.2

Action                   |  1- 3 |  4- 6 |  7- 9 || total
-------------------------+-------+-------+-------++-------
Melee: War axe           |    73 |    80 |   109 ||   262
  Use: Potion            |       |       |     4 ||     4
Armor: Scale mail        |    21 |       |       ||    21
       Chain mail        |    32 |    50 |    46 ||   128
Dodge: Dodged            |    29 |    33 |    27 ||    89
Block: Buckler           |    26 |    16 |    21 ||    63
